 Dungeon Crawl Stone Soup version 0.32-a0-898-g7811c86cf0 (webtiles) character file.

Game seed: 655558458847728766

7811 kae the Carver (level 11, -1/72 HPs)
             Began as a Coglin Gladiator on Apr 4, 2024.
             Was an Elder of Okawaru.
             Slain by a rust devil (12 damage)
             ... on level 10 of the Dungeon.
             The game lasted 00:09:22 (8737 turns).

kae the Carver (Coglin Gladiator)                   Turns: 8737, Time: 00:09:22

Health: -1/72      AC: -16   Str: 15    XL:     11   Next: 21%
Magic:  17/17      EV: 14    Int:  7    God:    Okawaru [****..]
Gold:   562        SH:  0    Dex: 20    Spells: 10/10 levels left

rFire   + . .        a - +0 long sword (venom) {Agam}
rCold   . . .        n - +3 long sword (elec) {Amnanu}
rNeg    . . .        o - +3 ring mail {rF+}
rPois   .            c - +0 helmet
rElec   .            h - +0 cloak
rCorr   .            (no gloves)
SInv    .            (no boots)
Will    .....        (amulet unavailable)
Stlth   +            (ring unavailable)
HPRegen 0.32/turn    (ring unavailable)
MPRegen 0.15/turn    (no gizmo)

%: no passive effects
@: confused, about to teleport, heroic, ambrosia-drunk, corroded, studying
Staves, revved
A: off-hand wielding, slow wielding, warmup strikes, no jewellery
a: Invent Gizmo, Renounce Religion, Heroism, Finesse


You were on level 10 of the Dungeon.
You worshipped Okawaru.
Okawaru was greatly pleased with you.
You visited 1 branch of the dungeon, and saw 10 of its levels.
You also visited: Ossuary.

You collected 562 gold pieces.


Innate Abilities, Weirdness & Mutations

You can wield a second weapon in your off-hand.
It takes a long time for you to wield or remove held weapons.
Your first few attacks do less damage.
You cannot equip rings or amulets.


   Skills:
 - Level 2.0(7.0) Fighting
 - Level 14.0(19.0) Long Blades
 - Level 1.7(6.7) Throwing
 - Level 2.6(7.6) Dodging
 + Level 8.4 Invocations


You had 10 spell levels left.
You didn't know any spells.
Your spell library contained the following spells:

 Spells                   Type           Power      Damage    Failure   Level
 Kiss of Death            Conj/Necr      0%         2d5       65%         1
 Blink                    Tloc           0%         N/A       78%         2
 Ensorcelled Hibernation  Hex/Ice        0%         N/A       78%         2
 Lesser Beckoning         Tloc           0%         N/A       78%         2
 Momentum Strike          Conj/Tloc      0%         3d8       78%         2
 Confusing Touch          Hex            0%         N/A       95%         3
 Dazzling Flash           Conj/Hex       0%         N/A       95%         3
 Fugue of the Fallen      Necr           0%         N/A       95%         3
 Mephitic Cloud           Conj/Alch/Air  0%         N/A       95%         3
 Passwall                 Erth           0%         N/A       95%         3
 Stone Arrow              Conj/Erth      0%         3d7       95%         3
 Swiftness                Air            0%         N/A       95%         3
 Anguish                  Hex/Necr       0%         N/A       100%        4
 Dispel Undead            Necr           0%         3d6       100%        4
 Curse of Agony           Necr           0%         N/A       100%        5
 Silence                  Hex/Air        0%         N/A       100%        5
 Eringya's Noxious Bog    Alch           0%         4d6       100%        6
 Lehudib's Crystal Spear  Conj/Erth      0%         10d2      100%        8
 Animate Armour           Summ/Erth      Unusable   N/A       N/A         4
 Summon Forest            Summ/Tloc      Unusable   N/A       N/A         5
 Summon Hydra             Summ           Unusable   N/A       N/A         7

Inventory:

Hand Weapons
 a - a +0 long sword of venom (weapon) {Agam}
 n - a +3 long sword of electrocution (offhand) {Amnanu}
   (You took it off a wight on level 7 of the Dungeon)
 F - a +0 dagger {Seoyun}
Missiles
 d - 4 throwing nets (quivered) {=f!f}
 e - 5 javelins
 g - 91 stones
 s - 19 poisoned darts
Armour
 b - a +0 leather armour
 c - a +0 helmet (worn)
 h - a +0 cloak (worn)
   (You found it on level 6 of the Dungeon)
 o - a +3 ring mail of fire resistance (worn)
   (You found it on level 2 of the Dungeon)
Magical Staves
 A - a staff of fire {!a}
   (You found it on level 8 of the Dungeon)
 D - a staff of air {!a}
   (You found it on level 9 of the Dungeon)
Jewellery
 f - a ring of fire
   (You found it on level 6 of the Dungeon)
 L - a ring of flight
   (You found it on level 5 of the Dungeon)
 R - a ring of resist corrosion
   (You found it on level 3 of the Dungeon)
Wands
 w - a wand of iceblast (7)
   (You took it off Pikel on level 4 of the Dungeon)
 y - a wand of mindburst (33)
   (You found it on level 6 of the Dungeon)
Scrolls
 l - a scroll of brand weapon
 q - a scroll of noise {!r}
 r - a scroll of immolation {!r!r}
 C - 3 scrolls of revelation
Potions
 i - 4 potions of curing {@q1}
 j - 2 potions of might
 k - 3 potions of attraction {unknown}
 m - 3 potions of degeneration {unknown}
 p - 3 potions of lignification {!q}
 t - 4 potions of enlightenment
 z - a potion of invisibility {unknown}
 B - a potion of magic {unknown}

Dungeon Overview and Level Annotations

Branches:
Dungeon (10/15) Zot: 26759  Temple (0/1) D:4            Lair (0/5) D:8
Ossuary (visited)
    Orc: D:9-12

Altars:
Ashenzari
Cheibriados
Hepliaklqana
Kikubaaqudgha
Makhleb
Okawaru
Qazlal
Sif Muna
Yredelemnul
The Shining One

Shops:
D:3 =   D:8 =

Annotations:
D:7 2 transporters, Menkaure

#......#........
#......###.....#
#......###.###.# #
#............#.###.####
##................#....#
.........####...........
##.......####...........
...........#......#.#...
...........#...4@4###≈
..####.#........4##.§#
..# #.#.......##3.?.≈#
### #.#......≈# ≈≈.≈..#
#.####.§##§.§.....≈ #.#
#..≈≈4...?.... #..
....###.≈...≈.#
.....≈#§§..§.≈#
.......##§§§.


You could see 3 rust devils and a smoke demon.


Message History

A rust devil is nearby!
A lava snake comes into view.
The lava snake moves out of view.
A rust devil comes into view.
A rust devil comes into view.
The rust devil screeches!
The rust devil hits you. The rust devil corrodes you! 😕 HP[-1]
You take 1 damage, and now have 71/72 hp.
You barely miss the rust devil with your +3 long sword of electrocution.
You hit the rust devil but do no damage.
The rust devil hits you. The rust devil corrodes you!
A smoke demon comes into view.
The smoke demon roars!
You hit the rust devil but do no damage.
You slash the rust devil with your +0 long sword of venom!
You hear a screech!
A rust devil comes into view.
You hear a shout! 😕 HP[-6]
You take 6 damage, and now have 65/72 hp.
You hit the rust devil with your +0 long sword of venom.
You closely miss the rust devil with your +3 long sword of electrocution.
You completely miss the rust devil with your +3 long sword of electrocution.
You hit the rust devil but do no damage.
The rust devil is poisoned.
The rust devil closely misses you. The rust devil hits you.
The rust devil corrodes you! 😕 HP[-1]
You take 1 damage, and now have 64/72 hp.
You barely miss the rust devil with your +0 long sword of venom.
You hit the rust devil but do no damage.
The rust devil barely misses you. x2
You hit the rust devil but do no damage.
You barely miss the rust devil with your +3 long sword of electrocution. 😕 HP[+1]
You hit the rust devil but do no damage. x2
The smoke demon gestures at the rust devil.
Something smites you! The rust devil hits you. The rust devil corrodes you!
The rust devil hits you. The rust devil corrodes you!
You hit the rust devil but do no damage.
You barely miss the rust devil with your +3 long sword of electrocution.
The rust devil hits you. The rust devil corrodes you! 😮 HP[-17]
You take 17 damage, and now have 48/72 hp.
MASSIVE DAMAGE!! (PAUSE)
You gain the combat prowess of a mighty hero.
The rust devil completely misses you.
The rust devil barely misses you. 😮 HP[+1] MP[-2]
You lost 2 mp, and now have 15/17 mp.
Unknown command.
You hit the rust devil but do no damage.
The rust devil looks as sick as possible!
You hit the rust devil but do no damage.
You slash the rust devil with your +3 long sword of electrocution!
You hit the rust devil but do no damage.
The rust devil closely misses you. The rust devil hits you!
The rust devil corrodes you!
The rust devil completely misses you. 😮 HP[-10]
You take 10 damage, and now have 39/72 hp.
Unknown command.
You barely miss the rust devil with your +3 long sword of electrocution.
You closely miss the rust devil with your +0 long sword of venom.
The rust devil hits you.
* * * LOW HITPOINT WARNING * * *
The rust devil corrodes you! The rust devil misses you.
The rust devil hits you.
* * * LOW HITPOINT WARNING * * *
The rust devil corrodes you! 😨 HP[-8]
You take 8 damage, and now have 31/72 hp.
You hit the rust devil but do no damage.
You barely miss the rust devil with your +0 long sword of venom.
The rust devil hits you.
* * * LOW HITPOINT WARNING * * *
The rust devil corrodes you! The rust devil hits you!
* * * LOW HITPOINT WARNING * * *
The rust devil corrodes you! The rust devil closely misses you.
The smoke demon gestures at the rust devil.
Something smites you!
* * * LOW HITPOINT WARNING * * *
😱 HP[-23]
You take 23 damage, and now have 8/72 hp.
MASSIVE DAMAGE!! (PAUSE)
You completely miss the rust devil with your +3 long sword of electrocution.
You hit the rust devil but do no damage.
Unknown command.
As you read the scroll of teleportation {@r4}, it crumbles to dust.
You feel strangely unstable.
You kill the rust devil!
Okawaru accepts your kill. The rust devil hits you.
* * * LOW HITPOINT WARNING * * *
The rust devil corrodes you! 😱 HP[-2]
You take 2 damage, and now have 6/72 hp.
Unknown command.
You are confused.
You feel invigorated. The rust devil barely misses you.
The rust devil hits you!
You die...

Skill      XL: |  1  2  3  4  5  6  7  8  9 10 11 |
---------------+----------------------------------+-----
Long Blades    | 4 5 6 7 9 10 12 14 | 14.0
Invocations    | 3 4 5 7 8 |  8.4
Fighting       | |  2.0
Throwing       | |  1.7
Dodging        | |  2.6

Action                     |  1- 3 |  4- 6 |  7- 9 | 10-12 || total
---------------------------+-------+-------+-------+-------++-------
  Melee: Long sword        |    78 |   120 |   326 |   299 ||   823
         Dagger            |    69 |   114 |   299 |    47 ||   529
 Invoke: Heroism           |       |       |     9 |     5 ||    14
         Finesse           |       |       |       |     1 ||     1
    Use: Scroll            |       |     9 |     8 |     5 ||    22
         Potion            |       |       |     2 |     7 ||     9
   Stab: Sleeping          |     2 |       |       |       ||     2
         Distracted        |       |       |     1 |       ||     1
 Armour: Leather armour    |    40 |       |       |       ||    40
         Ring mail         |    11 |    71 |   184 |   124 ||   390
  Dodge: Dodged            |    48 |    63 |   166 |    99 ||   376

Levels and vault maps discovered:
D:1:      shiori_arrival_maze, layout_loops_ring, chequers_garden
D:2:      layout_basic, basic_altar, nicolae_the_louvre
D:3:      layout_loops_ring, tso_metal_star, serial_shops, shop, uniq_natasha
D:4:      layout_rooms, okawaru_metal_pillars_1_2, lemuel_crystal_altar,
          minmay_temple_entry_offerings, nicolae_ossuary_entry_ruins, uniq_pikel
D:5:      layout_basic, kennysheep_little_box, nicolae_qazlal_general_emergency,
          uniq_grinder
D:6:      layout_rooms, mainiacjoe_overflow_concentric_impassable,
          minmay_increasing_density
D:7:      layout_loops_ring, gammafunk_temple_of_torment,
          grunt_decor_mini_mirrors, uniq_duvessa, uniq_maurice
D:8:      layout_rooms, david_lair_generic, serial_shops, shop
D:9:      layout_stronghold, worldfamousw_hep_ancestral_shrine,
          lemuel_flamethrower_1
D:10:     cheibrodos_grave_circle, layout_basic, nicolae_where_there's_smoke

Notes
Turn   | Place    | Note
-------+----------+-------------------------------------------
     0 | D:1      | kae the Coglin Gladiator began the quest for the Orb.
     0 | D:1      | Reached XP level 1. HP: 16/16 MP: 1/1
     0 | D:1      | magus.rc [v1.11.3]
   163 | D:1      | You pick up a book of Dreams and begin reading...
   163 | D:1      | You add the spells Ensorcelled Hibernation, Fugue of the
                  | Fallen and Anguish to your library.
   194 | D:1      | Reached XP level 2. HP: 22/22 MP: 2/2
   472 | D:1      | You pick up a book of the Senses and begin reading...
   472 | D:1      | You add the spells Dazzling Flash, Mephitic Cloud, Curse of
                  | Agony and Silence to your library.
   761 | D:2      | Reached skill level 4 in Long Blades
   830 | D:2      | Reached XP level 3. HP: 27/27 MP: 3/3
  1395 | D:2      | Found a broken altar of Ashenzari.
  1397 | D:2      | You fall into a shaft and drop 1 floor!
  1440 | D:3      | Noticed Natasha
  1447 | D:3      | Killed Natasha
  1448 | D:3      | Reached skill level 5 in Long Blades
  1448 | D:3      | Reached XP level 4. HP: 30/33 MP: 4/4
  1577 | D:3      | You pick up a book of Touch and begin reading...
  1577 | D:3      | You add the spells Kiss of Death, Confusing Touch and
                  | Dispel Undead to your library.
  1651 | D:3      | Noticed Natasha
  1657 | D:3      | Killed Natasha
  1714 | D:3      | Reached XP level 5. HP: 30/38 MP: 5/5
  1852 | D:3      | Found a glowing golden altar of the Shining One.
  1856 | D:3      | Found Plog's Jewellery Emporium.
  2245 | D:4      | Reached skill level 6 in Long Blades
  2249 | D:4      | Found an iron altar of Okawaru.
  2260 | D:4      | Became a worshipper of Warmaster Okawaru
  2265 | D:4      | Reached XP level 6. HP: 44/44 MP: 6/6
  2336 | D:4      | Found a staircase to the Ecumenical Temple.
  2347 | D:4      | Noticed Pikel
  2404 | D:4      | Reached skill level 7 in Long Blades
  2412 | D:4      | Found a snail-covered altar of Cheibriados.
  2434 | D:4      | Reached * piety under Okawaru
  2440 | D:4      | Found a sand-covered staircase.
  2445 | Ossuary  | Entered an ossuary
  2557 | Ossuary  | Reached XP level 7. HP: 45/50 MP: 7/7
  2624 | Ossuary  | Reached skill level 1 in Invocations
  2630 | Ossuary  | Reached skill level 8 in Long Blades
  2698 | Ossuary  | Reached skill level 2 in Invocations
  3114 | D:4      | Killed Pikel
  3114 | D:4      | Reached ** piety under Okawaru
  3115 | D:4      | Reached skill level 9 in Long Blades
  3115 | D:4      | Reached skill level 3 in Invocations
  3115 | D:4      | Reached XP level 8. HP: 24/56 MP: 6/10
  3237 | D:4      | You pick up a book of Armaments and begin reading...
  3237 | D:4      | You add the spells Stone Arrow and Lehudib's Crystal Spear
                  | to your library.
  3475 | D:5      | Entered Level 5 of the Dungeon
  3657 | D:5      | Reached skill level 10 in Long Blades
  3744 | D:5      | Found a shimmering blue altar of Sif Muna.
  3754 | D:5      | Noticed Grinder
  3764 | D:5      | Paralysed by Grinder for 4 turns
  3771 | D:5      | Killed Grinder
  3772 | D:5      | Reached skill level 4 in Invocations
  3772 | D:5      | Reached XP level 9. HP: 18/61 MP: 9/12
  3961 | D:5      | Found a stormy altar of Qazlal.
  4488 | D:6      | Reached *** piety under Okawaru
  4547 | D:6      | Reached skill level 11 in Long Blades
  4676 | D:6      | Found a burning altar of Makhleb.
  5072 | D:6      | Reached skill level 5 in Invocations
  5295 | D:6      | You pick up a book of Spatial Translocations and begin
                  | reading...
  5295 | D:6      | You add the spells Blink, Momentum Strike and Lesser
                  | Beckoning to your library.
  5467 | D:7      | Found a transporter.
  5476 | D:7      | Found a transporter.
  5600 | D:7      | Reached skill level 12 in Long Blades
  5608 | D:7      | Noticed Maurice
  5683 | D:7      | HP: 11/61 [disintegration (18)]
  5853 | D:7      | Something stole a ring of fire
  5854 | D:7      | Something stole 65 stones
  5855 | D:7      | Something stole 83 gold
  5857 | D:7      | Something stole 269 gold
  5876 | D:7      | HP: 13/61 [something (12)]
  5882 | D:7      | Killed Maurice
  5883 | D:7      | Reached XP level 10. HP: 39/67 MP: 4/14
  5993 | D:7      | Found a basalt altar of Yredelemnul.
  5994 | D:7      | Noticed Menkaure
  5999 | D:7      | Found an ancient bone altar of Kikubaaqudgha.
  6098 | D:7      | Reached **** piety under Okawaru
  6258 | D:7      | Reached skill level 6 in Invocations
  6531 | D:7      | Noticed Dowan
  6531 | D:7      | Noticed Duvessa
  6545 | D:7      | Killed Dowan
  6548 | D:7      | Killed Duvessa
  6645 | D:8      | Noticed an elephant
  6645 | D:8      | Found Ybaazais's Jewellery Shoppe.
  6645 | D:8      | Found a staircase to the Lair.
  6828 | D:8      | Reached skill level 13 in Long Blades
  7076 | D:8      | Killed an elephant
  7593 | D:9      | HP: 15/67 [hornet (7)]
  7594 | D:9      | Reached ***** piety under Okawaru
  7595 | D:9      | Reached skill level 7 in Invocations
  7824 | D:9      | You pick up a book of Burglary and begin reading...
  7824 | D:9      | You add the spells Swiftness and Passwall to your library.
  8228 | D:9      | Found a hazy altar of Hepliaklqana.
  8465 | D:10     | Entered Level 10 of the Dungeon
  8512 | D:10     | Reached skill level 14 in Long Blades
  8521 | D:10     | Reached XP level 11. HP: 25/72 MP: 9/16
  8524 | D:10     | HP: 18/72 [poisoned by a killer bee]
  8529 | D:10     | HP: 9/72 [poisoned by a killer bee]
  8536 | D:10     | HP: 17/72 [kobold brigand/+0 short sword (4)]
  8558 | D:10     | Reached skill level 8 in Invocations
  8734 | D:10     | HP: 8/72 [smoke demon/divine providence (15)]
  8737 | D:10     | Slain by a rust devil

Vanquished Creatures
  Pikel (D:4)
  Maurice (D:7)
  An elephant (D:8)
  A rust devil (D:10)
  A hornet (D:9)
  2 trolls
  Grinder (D:5)
  7 yaks
  A wyvern (D:8)
  A shadow (D:9)
  A basilisk (D:8)
  A steam dragon (D:8)
  Duvessa (D:7)
  An orc warrior (D:8)
  A sky beast (D:7)
  5 black bears
  2 ice beasts
  3 ogres
  A centaur (D:6)
  A lemure (D:4)
  A weeping skull (Ossuary)
  4 bullfrogs
  2 kobold brigands
  3 scorpions
  4 water moccasin zombies (Ossuary)
  6 wights (D:7)
  Dowan (D:7)
  9 killer bees
  A howler monkey (D:4)
  2 bombardier beetles
  A hound (D:6)
  An orc priest (D:6)
  4 gnoll boudas
  3 jellies
  4 sleepcaps
  2 iguanas
  Natasha (twice) (D:3)
  2 orc wizards
  2 crocodile zombies (Ossuary)
  A bullfrog simulacrum (Ossuary)
  2 mummies (Ossuary)
  21 gnolls
  7 adders
  A shadow imp (D:7)
  A white imp (D:7)
  2 ufetubi (D:6)
  5 adder zombies (Ossuary)
  4 dart slugs
  A ribbon worm (D:2)
  5 orcs
  6 endoplasms
  4 giant cockroaches
  8 gnoll zombies (Ossuary)
  6 goblins
  7 hobgoblins
  3 jackals (D:4)
  6 quokkas
  7 ball pythons
  3 bats
  2 frilled lizards (D:3)
  A jackal zombie (Ossuary)
  15 kobolds
  5 orc zombies (Ossuary)
  4 rats
215 creatures vanquished.

Table legend:
 A = Non-vault XP
 B = Vault XP
 C = Vault XP percentage of total XP
 D = Non-vault monster count
 E = Vault monster count
 F = Vault count percentage of total count
                 A         B        C        D         E       F
            +---------+---------+-------+---------+---------+-------
      Total |    6647 |    4512 |  40.4 |     162 |      52 |  24.3
            +---------+---------+-------+---------+---------+-------
        D:1 |      25 |       6 |  19.4 |      15 |       2 |  11.8
        D:2 |      32 |       0 |   0.0 |      17 |       0 |   0.0
        D:3 |     124 |      35 |  22.0 |      18 |       1 |   5.3
        D:4 |     380 |     629 |  62.3 |      22 |       1 |   4.3
        D:5 |     460 |     254 |  35.6 |       9 |       1 |  10.0
        D:6 |     557 |     819 |  59.5 |      15 |      10 |  40.0
        D:7 |    1079 |     735 |  40.5 |      30 |       3 |   9.1
        D:8 |     965 |    1015 |  51.3 |      10 |       4 |  28.6
        D:9 |     999 |       0 |   0.0 |       9 |       0 |   0.0
       D:10 |    2026 |     457 |  18.4 |      17 |       1 |   5.6
    Ossuary |       0 |     562 | 100.0 |       0 |      29 | 100.0
            +---------+---------+-------+---------+---------+-------

Skill      XL: |  1  2  3  4  5  6  7  8  9 10 11 |
---------------+----------------------------------+-----
Long Blades    | 4 5 6 7 9 10 12 14 | 14.0
Invocations    | 3 4 5 7 8 |  8.4
Fighting       | |  2.0
Throwing       | |  1.7
Dodging        | |  2.6

Action                     |  1- 3 |  4- 6 |  7- 9 | 10-12 || total
---------------------------+-------+-------+-------+-------++-------
  Melee: Long sword        |    78 |   120 |   326 |   299 ||   823
         Dagger            |    69 |   114 |   299 |    47 ||   529
 Invoke: Heroism           |       |       |     9 |     5 ||    14
         Finesse           |       |       |       |     1 ||     1
    Use: Scroll            |       |     9 |     8 |     5 ||    22
         Potion            |       |       |     2 |     7 ||     9
   Stab: Sleeping          |     2 |       |       |       ||     2
         Distracted        |       |       |     1 |       ||     1
 Armour: Leather armour    |    40 |       |       |       ||    40
         Ring mail         |    11 |    71 |   184 |   124 ||   390
  Dodge: Dodged            |    48 |    63 |   166 |    99 ||   376

Illustrated notes

Table legend:
 A = Kills in this place as a percentage of kills in the entire game.
 B = Kills by you in this place as a percentage of kills by you in the entire game.
 C = Kills by friends in this place as a percentage of kills by friends in the entire game.
 D = Other kills in this place as a percentage of other kills in the entire game.
 E = Experience gained in this place as a percentage of experience gained in the entire game.
 F = Experience gained in this place divided by the number of levels of this place that you have seen.
                   A       B       C       D       E      F
               +-------+-------+-------+-------+-------+----------------------
         Total | 100.0 | 100.0 |   N/A |   N/A | 100.0 | 1014.5
       Dungeon |  86.4 |  86.4 |   N/A |   N/A |  95.0 | 1059.7
       Ossuary |  13.6 |  13.6 |   N/A |   N/A |   5.0 | 562.0
               +-------+-------+-------+-------+-------+----------------------

Table legend: (Time is in decaauts)
 A = Elapsed time spent in this place.
 B = Non-inter-level travel time spent in this place.
 C = Inter-level travel time spent in this place.
 D = Time resting spent in this place.
 E = Time spent auto-exploring this place.
 F = Levels seen in this place.
 G = Mean time per level.
                   A        B        C        D        E       F      G
               +--------+--------+--------+--------+--------+-----+--------+
         Total |   8584 |   8361 |    223 |   1035 |   5722 |  11 |  780.4 |
       Dungeon |   8133 |   7910 |    223 |    941 |   5542 |  10 |  813.3 |
       Ossuary |    451 |    451 |      0 |     94 |    180 |   1 |  451.0 |
               +--------+--------+--------+--------+--------+-----+--------+

Top non-repeatable levels by time:
     D:6: 1220 daAuts
     D:7: 1159 daAuts
     D:9: 1052 daAuts
     D:1: 861 daAuts
     D:3: 827 daAuts
     D:5: 761 daAuts
     D:4: 759 daAuts
     D:8: 709 daAuts
     D:2: 540 daAuts
 Ossuary: 451 daAuts
    D:10: 239 daAuts
